 Dungeon Crawl Stone Soup version 0.31.0-11-ge490571c62 (webtiles) character file.

Game seed: 1401926518932600347

75 qw the Shooter (level 4, 0/25 HPs)
             Began as a Deep Elf Hunter on Feb 4, 2024.
             Slain by a gnoll
             ... wielding a +0 halberd
              (2 damage)
             ... on level 2 of the Dungeon.
             The game lasted 00:00:04 (1166 turns).

qw the Shooter (Deep Elf Hunter)                    Turns: 1166, Time: 00:00:05

Health: 0/25       AC:  7    Str: 10    XL:     4   Next: 11%
Magic:  6/6        EV: 11    Int: 14    God:
Gold:   43         SH:  0    Dex: 18    Spells: 3/3 levels left

rFire   . . .        a - +0 shortbow
rCold   . . .        (shield currently unavailable)
rNeg    . . .        f - +0 ring mail
rPois   .            d - +1 helmet
rElec   .            (no cloak)
rCorr   .            (no gloves)
SInv    .            (no boots)
Will    .....        (no amulet)
Stlth   +            (no ring)
HPRegen 0.24/turn    (no ring)
MPRegen 0.10/turn

%: no passive effects
@: no status effects
A: no striking features
a: no special abilities


You were on level 2 of the Dungeon.
You visited 1 branch of the dungeon, and saw 2 of its levels.

You collected 61 gold pieces.
You spent 18 gold pieces at shops.


   Skills:
 - Level 1.5 Fighting
 + Level 7.5 Ranged Weapons
 - Level 2.4 Dodging
 - Level 1.2 Stealth


You had 3 spell levels left.
You didn't know any spells.
Your spell library was empty.

Inventory:

Hand Weapons
 a - a +0 shortbow (weapon)
Armour
 d - a +1 helmet (worn)
 f - a +0 ring mail (worn)
Scrolls
 b - a scroll of silence {unknown}
Potions
 c - a potion of ambrosia {unknown}
 e - a potion of brilliance {unknown}
 g - 2 potions of enlightenment
 j - a potion of curing

Dungeon Overview and Level Annotations

Branches:
Dungeon (2/15)

Altars:

Shops:
D:2 *


Message History

The arrow hits the gnoll.
The gnoll is moderately wounded.
You shoot an arrow. The arrow barely misses the gnoll.
You shoot an arrow. The arrow barely misses the gnoll.
You shoot an arrow.
The arrow hits the gnoll but does no damage.
The gnoll is moderately wounded.
Enter note:
1157 ||| RETREEEEATING.
Enter note: You shoot an arrow.
The arrow hits the gnoll.
The gnoll is severely wounded.
You shoot an arrow.
The arrow hits the gnoll but does no damage.
The gnoll is severely wounded.
You shoot an arrow. The arrow hits the gnoll.
You kill the gnoll!
The gnoll hits you from afar with a +0 halberd!
Ouch! That really hurt!
You shoot an arrow. The arrow hits the gnoll.
The gnoll is lightly wounded.
The gnoll hits you from afar with a +0 halberd!
You shoot an arrow. The arrow hits the gnoll.
The gnoll is heavily wounded.
The gnoll barely misses you. The gnoll hits you but does no damage.
The gnoll hits you with a +0 whip of pain.
The gnoll completely misses you.
You shoot an arrow. The arrow barely misses the gnoll.
The gnoll misses you. The gnoll hits you but does no damage.
You shoot an arrow.
The arrow hits the gnoll but does no damage.
The gnoll is heavily wounded.
The gnoll barely misses you. The gnoll hits you but does no damage.
You shoot an arrow. The arrow hits the gnoll!
You kill the gnoll!
The gnoll closely misses you.
You have reached level 4!
You feel clever.
You shoot an arrow. The arrow closely misses the gnoll.
The gnoll hits you from afar with a +0 halberd.
You die...

....... .........#
...#####.# ##.# ##.##
...## #...# ....#
#...######## ###.#
#...##.....# ###.#
#...#......#
.##)###.).#..###@####.#
.#.....).......$).......
..............g#8####.#.
##...............#
######...#.####\#
#...#......#
#...######<# #...# #.#
#...# #8#


You could see a gnoll.

Vanquished Creatures
  2 gnolls (D:2)
  2 adders (D:2)
  A dart slug (D:1)
  7 ball pythons
  4 bats
  An endoplasm (D:1)
  A quokka (D:1)
  4 frilled lizards
  3 goblins
  9 kobolds
  3 rats
37 creatures vanquished.

Notes
Turn   | Place    | Note
-------+----------+-------------------------------------------
     0 | D:1      | qw the Deep Elf Hunter began the quest for the Orb.
     0 | D:1      | Reached XP level 1. HP: 12/12 MP: 3/3
     0 | D:1      | 0 ||| qw: Version: 0.3-a-160-g6735b56
     0 | D:1      | 0 ||| qw: Game counter: 4673
     0 | D:1      | 0 ||| qw: Melee chars always use a shield: true
     0 | D:1      | 0 ||| qw: God list: Okawaru
     0 | D:1      | 0 ||| qw: Allow faded altars: false
     0 | D:1      | 0 ||| qw: Do Orc after clearing Dungeon:15 true
     0 | D:1      | 0 ||| qw: Do second Lair branch before Depths: true
     0 | D:1      | 0 ||| qw: Lair rune preference: random
     0 | D:1      | 0 ||| qw: Goals: Normal
     0 | D:1      | 0 ||| PLANNING D:1-11
   229 | D:1      | Found a faded altar of an unknown god.
   259 | D:1      | Reached XP level 2. HP: 16/16 MP: 4/4
   386 | D:1      | Reached skill level 6 in Ranged Weapons
   878 | D:1      | 878 ||| UPGRADING to +1 helmet.
   883 | D:1      | 883 ||| UPGRADING to +0 scale mail.
   893 | D:1      | 893 ||| DROPPING +0 leather armour.
   894 | D:1      | 894 ||| UPGRADING to +0 ring mail.
   904 | D:1      | 904 ||| DROPPING +0 scale mail.
   905 | D:1      | 905 ||| READING 2 scrolls labelled GEVVEI EFIUNACRUPS.
   905 | D:1      | 905 ||| IDENTIFYING brown potion
   906 | D:1      | 906 ||| READING scroll of identify.
   906 | D:1      | 906 ||| IDENTIFYING 2 inky potions
   907 | D:1      | 907 ||| READING scroll labelled KUCIM HAZO.
   908 | D:1      | 908 ||| DROPPING scroll of butterflies.
   939 | D:2      | Reached XP level 3. HP: 20/20 MP: 5/5
   976 | D:2      | Reached skill level 7 in Ranged Weapons
  1046 | D:2      | Identified the +3 great sword "Dayt" {flame, Will+}
  1139 | D:2      | Found Oskuf's Assorted Antiques.
  1149 | D:2      | 1149 ||| SHOPLISTING gold wand (80 gold, have 61).
  1149 | D:2      | 1149 ||| SHOPLISTING runed leather armour (100 gold, have
                  | 61).
  1149 | D:2      | 1149 ||| SHOPLISTING tubular peridot ring (100 gold, have
                  | 61).
  1149 | D:2      | 1149 ||| BUYING white potion (18 gold).
  1149 | D:2      | Bought a white potion for 18 gold pieces
  1157 | D:2      | 1157 ||| RETREEEEATING.
  1161 | D:2      | HP: 2/20 [gnoll/+0 halberd (8)]
  1166 | D:2      | Reached XP level 4. HP: 2/25 MP: 6/6
  1166 | D:2      | Slain by a gnoll

Levels and vault maps discovered:
D:1:      minmay_arrival_jagged, layout_loops_corners, basic_ecumenical_altar,
          minmay_misc_feat_enclosed, minmay_tiny_reverse_x
D:2:      layout_loops_cross, serial_shops, shop_statue

Skill      XL: |  1  2  3 |
---------------+----------+-----
Ranged Weapons | 6 7 |  7.5
Fighting       | |  1.5
Dodging        | |  2.4
Stealth        | |  1.2

Action                     |  1- 3 |  4- 6 || total
---------------------------+-------+-------++-------
   Fire: Shortbow          |    93 |     1 ||    94
    Use: Scroll            |     3 |       ||     3
 Armour: Leather armour    |     9 |       ||     9
         Ring mail         |    12 |     1 ||    13
  Dodge: Dodged            |    14 |       ||    14

Table legend:
 A = Non-vault XP
 B = Vault XP
 C = Vault XP percentage of total XP
 D = Non-vault monster count
 E = Vault monster count
 F = Vault count percentage of total count
                 A         B        C        D         E       F
            +---------+---------+-------+---------+---------+-------
      Total |     103 |       5 |   4.6 |      35 |       2 |   5.4
            +---------+---------+-------+---------+---------+-------
        D:1 |      31 |       5 |  13.9 |      21 |       2 |   8.7
        D:2 |      72 |       0 |   0.0 |      14 |       0 |   0.0
            +---------+---------+-------+---------+---------+-------
